 Dungeon Crawl Stone Soup version 0.28.0-49-g6dfe1f597d (webtiles) character file.

Game seed: 3540618053307551046

777 bnorton916 the Firebug (level 7, -1/36 HPs)
             Began as a Deep Elf Fire Elementalist on May 16, 2022.
             Was an Initiate of Gozag.
             Slain by a crimson imp (2 damage)
             ... summoned by Natasha
             ... on level 3 of the Dungeon.
             The game lasted 00:11:13 (7291 turns).

bnorton916 the Firebug (Deep Elf Fire Elementalist) Turns: 7291, Time: 00:11:14

Health: -1/36      AC:  3    Str:  5    XL:     7   Next: 54%
Magic:  8/16       EV: 31    Int: 22    God:    Gozag
Gold:   745        SH:  0    Dex: 15    Spells: 5/15 levels left

rFire   . . .      SeeInvis .   (no weapon)
rCold   . . .      Faith    .   (no shield)
rNeg    . . .      Spirit   .   a - +0 robe
rPois   .          Reflect  .   r - +0 helmet
rElec   .          Harm     .   (no cloak)
rCorr   .          Rampage  .   (no gloves)
Will    .....                   (no boots)
Stlth   ++........              c - amulet of the acrobat
HPRegen 0.12/turn               d - +4 ring of evasion
MPRegen 0.15/turn               m - ring of flight

@: acrobatic, flying, slowed, very slow
A: no striking features
a: Renounce Religion, Potion Petition, Call Merchant, Bribe Branch


You were on level 3 of the Dungeon.
You worshipped Gozag.
Gozag was pleased with you.
You visited 1 branch of the dungeon, and saw 5 of its levels.

You collected 796 gold pieces.
You paid 51 gold pieces to Gozag.

Inventory:

Hand Weapons
 g - a +0 dagger of venom
 j - a +1 dagger of protection
Armour
 a - a +0 robe (worn)
 i - a +2 leather armour of positive energy
 r - a +0 helmet (worn)
Jewellery
 c - an amulet of the acrobat (around neck)
 d - a +4 ring of evasion (left hand)
 m - a ring of flight (right hand)
 p - a ring of protection from cold
Scrolls
 e - a scroll of blinking {unknown}
 k - a scroll of fog {unknown}
 l - a scroll of acquirement {unknown}
 o - a scroll of brand weapon {unknown}
 s - a scroll of teleportation
 t - a scroll of magic mapping
Potions
 b - a potion of attraction
 f - 2 potions of flight
 h - 7 potions of curing
 n - a potion of berserk rage
 q - 2 potions of brilliance
 u - a potion of lignification


   Skills:
 + Level 2.9 Armour
 - Level 2.4 Dodging
 - Level 2.4 Stealth
 - Level 4.8 Spellcasting
 + Level 5.4 Conjurations
 - Level 6.2 Fire Magic


You had 5 spell levels left.
You knew the following spells:

 Your Spells              Type           Power      Damage    Failure   Level
a - Foxfire               Conj/Fire      100%       2x1d9     1%          1
b - Scorch                Fire           64%        2d8       1%          2
c - Conjure Flame         Conj/Fire      30%        6-21      2%          3
d - Flame Wave            Conj/Fire      30%        2d8       10%         4

Your spell library contained the following spells:

 Spells                   Type           Power      Damage    Failure   Level
 Inner Flame              Hex/Fire       19%        N/A       9%          3
 Confusing Touch          Hex            5%         N/A       30%         3
 Gell's Gravitas          Tloc           5%         N/A       30%         3
 Lesser Beckoning         Tloc           5%         N/A       30%         3
 Summon Guardian Golem    Hex/Summ       5%         N/A       30%         3
 Teleport Other           Tloc           5%         N/A       30%         3
 Yara's Violent Unravell  Hex/Tmut       2%         3d3       96%         5
 Enfeeble                 Hex            2%         N/A       100%        7
 Orb of Destruction       Conj           14%        9d7       100%        7
 Spellforged Servitor     Conj/Summ      8%         N/A       100%        7


Dungeon Overview and Level Annotations

Branches:
Dungeon (5/15)
 Temple: D:4-7

Altars:
Gozag
Kikubaaqudgha
Okawaru
Wu Jian
Xom

Annotations:
D:3 Natasha


Message History

Natasha mumbles some strange words.
Natasha stares at you and mumbles some strange words.
You easily resist.
You smother the flame.
Unknown command.
Casting: Conjure Flame (dangerous; 2% risk of failure)
Confirm with . or Enter, or press ? or * to list all spells.
You conjure some foxfire!
Natasha claws you.
The crimson imp blinks!
The foxfire hits Natasha but does no damage.
Natasha is heavily wounded.
The foxfire hits Natasha.
Natasha is almost dead.
Natasha casts a spell at you. The magic dart hits you!
Natasha closely misses you. The crimson imp closely misses you.
Casting: Foxfire (safe; 1% risk of failure)
Confirm with . or Enter, or press ? or * to list all spells.
You conjure some foxfire!
The crimson imp hits you. Natasha claws you.
The crimson imp closely misses you.
The foxfire hits the crimson imp.
The crimson imp completely resists.
The foxfire hits the crimson imp.
The crimson imp completely resists.
The crimson imp completely misses you.
Natasha stares at you and mumbles some strange words.
The magic dart hits you!
* * * LOW HITPOINT WARNING * * *
The crimson imp completely misses you.
The crimson imp blinks!
The crimson imp barely misses you. Natasha completely misses you.
The crimson imp misses you.
Casting: Foxfire (safe; 1% risk of failure)
Confirm with . or Enter, or press ? or * to list all spells.
You conjure some foxfire!
The crimson imp completely misses you. Natasha casts a spell at you.
The magic dart hits you!
* * * LOW HITPOINT WARNING * * *
The crimson imp barely misses you.
The foxfire hits the crimson imp.
The crimson imp completely resists.
The foxfire hits the crimson imp.
The crimson imp completely resists.
The crimson imp closely misses you. Natasha closely misses you.
The crimson imp hits you.
You die...
Your body crumbles into a pile of gold.

#.# #......#..#######......##
#.# #.##..#....## ##.###.## #.#
#.##.#......# #.# #.##
#.###.##.###...#######.###.##
#........# ##.## #...........
#####.#### #.# #.#####.#.## #.#
#.# #.# #.#.# #.# ##'##
#.#####.#.# #.#
##@5.###.##......# #######.#
##.5h..##.##.##.### #...#.#.#
##.......#.##.#..#
#.......###..5.............####
#.........+....................
##.#...####.........###....####
#.##.## ##.......## #.#.##
#.#### ##.....## #.### #.##
##...## #.#####


You could see Natasha and 3 crimson imps.

Vanquished Creatures
  An ice beast (D:5)
  An ogre (D:5)
  A phantom (D:5)
  A scorpion (D:5)
  A bullfrog zombie (D:5)
  A centaur skeleton (D:4)
  An orc priest (D:5)
  Jessica (D:2)
  A bullfrog skeleton (D:4)
  2 iguanas
  Natasha (twice) (D:3)
  2 orc wizards
  Robin (D:3)
  6 adders
  An ufetubus (D:5)
  An adder skeleton (D:4)
  2 worms
  A dart slug (D:1)
  5 orcs
  9 ball pythons
  5 endoplasms
  2 giant cockroaches
  16 goblins
  7 hobgoblins
  6 jackals (D:3)
  3 quokkas
  5 bats
  5 frilled lizards
  11 kobolds
  A quokka skeleton (D:4)
  7 rats
109 creatures vanquished.

Vanquished Creatures (others)
  296 foxfires
296 creatures vanquished.

Grand Total: 405 creatures vanquished

Notes
Turn   | Place    | Note
-------+----------+-------------------------------------------
     0 | D:1      | bnorton916 the Deep Elf Fire Elementalist began the quest
                  | for the Orb.
     0 | D:1      | Reached XP level 1. HP: 10/10 MP: 6/6
   316 | D:1      | Reached XP level 2. HP: 15/15 MP: 5/8
   622 | D:2      | Learned a level 2 spell: Scorch
   778 | D:2      | You fall into a shaft and drop 2 floors!
   790 | D:4      | Reached skill level 4 in Fire Magic
   790 | D:4      | Reached XP level 3. HP: 4/19 MP: 2/10
  1040 | D:4      | Learned a level 3 spell: Conjure Flame
  1177 | D:4      | Found an opulent altar of Gozag.
  1182 | D:4      | Became a worshipper of Gozag Ym Sagoz the Greedy
  1209 | D:4      | Reached XP level 4. HP: 18/24 MP: 8/12
  2084 | D:2      | Noticed Jessica
  2087 | D:2      | Killed Jessica
  2088 | D:2      | Reached XP level 5. HP: 21/28 MP: 9/14
  2589 | D:2      | Found a faded altar of an unknown god.
  3402 | D:3      | Noticed Natasha
  3413 | D:3      | Learned a level 4 spell: Flame Wave
  4036 | D:4      | Noticed Robin
  4643 | D:3      | Killed Robin
  4876 | D:4      | Reached skill level 5 in Fire Magic
  5093 | D:4      | Reached skill level 1 in Armour
  5093 | D:4      | Reached XP level 6. HP: 26/32 MP: 7/15
  5496 | D:5      | Entered Level 5 of the Dungeon
  5523 | D:5      | Found an iron altar of Okawaru.
  5528 | D:5      | Found an ornate altar of the Wu Jian Council.
  5545 | D:5      | Noticed an ice beast
  5555 | D:5      | Killed an ice beast
  5863 | D:5      | Reached XP level 7. HP: 35/36 MP: 10/16
  6218 | D:5      | Reached skill level 5 in Conjurations
  6218 | D:5      | Reached skill level 6 in Fire Magic
  6359 | D:5      | Found a shadowy altar of Dithmenos.
  6368 | D:5      | Found an ancient bone altar of Kikubaaqudgha.
  6368 | D:5      | Found a burning altar of Makhleb.
  6370 | D:5      | Found a shimmering altar of Xom.
  6370 | D:5      | Found a sparkling altar of Nemelex Xobeh.
  6370 | D:5      | Found an opulent altar of Gozag.
  6942 | D:3      | Killed Natasha
  7106 | D:3      | Noticed Natasha
  7110 | D:3      | Killed Natasha
  7273 | D:3      | Noticed Natasha
  7290 | D:3      | HP: 1/36 [Natasha/magic dart (8)]
  7291 | D:3      | Slain by a crimson imp

Illustrated notes

Levels and vault maps discovered:
D:1:      dpeg_arrival_court, layout_rooms, solitary_fountain
D:2:      layout_basic, shapermc_ecumenical_altar_totnotflames,
          grunt_ministairs_15, minmay_hexomino_u4, uniq_jessica
D:3:      layout_loops_corners, minmay_goblin_kobold_house, uniq_natasha
D:4:      layout_gridville, nicolae_gozag_cash_rules_everything_around_me,
          uniq_robin
D:5:      layout_cave_pools, doesnt_xom_only_xom, grunt_temple_overflow_open,
          serial_bayou_pond_e, minmay_hedge_maze

Skill      XL: |  1  2  3  4  5  6  7 |
---------------+----------------------+-----
Conjurations   | 2 3 4 5 |  5.4
Fire Magic     | 4 5 6 |  6.2
Spellcasting   | 4 |  4.8
Armour         | 1 2 |  2.9
Dodging        | |  2.4
Stealth        | |  2.4

Action                   |  1- 3 |  4- 6 |  7- 9 || total
-------------------------+-------+-------+-------++-------
Melee: Unarmed           |     1 |       |       ||     1
 Cast: Foxfire           |    41 |   109 |    23 ||   173
       Scorch            |     3 |    29 |    10 ||    42
       Conjure Flame     |       |       |     1 ||     1
  Use: Scroll            |       |     4 |     5 ||     9
Armor: Robe              |     2 |    13 |       ||    15
Dodge: Dodged            |    24 |    83 |    24 ||   131
